 Dungeon Crawl Stone Soup version 0.29-a0-330-g52719c12eb (webtiles) character file.

Game seed: 16129788218616907818

764 kae the Firebug (level 7, 0/56 HPs)
             Began as a Demigod Fire Elementalist on May 30, 2022.
             Slain by an orc priest
             ... wielding a +0 club
              (1 damage)
             ... on level 4 of the Dungeon.
             The game lasted 00:04:21 (5434 turns).

kae the Firebug (Demigod Fire Elementalist)         Turns: 5434, Time: 00:04:22

Health: 0/56       AC:  3    Str:  9    XL:     7   Next: 26%
Magic:  15/24      EV: 12    Int: 25    God:
Gold:   265        SH:  0    Dex: 14    Spells: 3/12 levels left

rFire   . . .      SeeInvis .   c - +0 long sword
rCold   . . .      Faith    .   (no shield)
rNeg    . . .      Spirit   .   a - +1 robe
rPois   .          Reflect  .   (helmet restricted)
rElec   .          Harm     .   (no cloak)
rCorr   .          Rampage  .   (no gloves)
Will    .....                   (no boots)
Stlth   ++........              (no amulet)
HPRegen 0.18/turn               e - ring of magical power
MPRegen 0.19/turn               (no ring)

@: no status effects
A: high MP 1, forlorn, divine attributes, antennae 1, sturdy frame 1
a: no special abilities


You were on level 4 of the Dungeon.
You visited 1 branch of the dungeon, and saw 4 of its levels.

You collected 265 gold pieces.

Inventory:

Hand Weapons
 c - a +0 long sword (weapon)
Armour
 a - a +1 robe (worn)
Jewellery
 e - a ring of magical power (left hand)
Scrolls
 i - a scroll of fear {unknown}
 l - a scroll of fog
 n - a scroll of acquirement {unknown}
 o - a scroll of teleportation
Potions
 b - a potion of magic
 d - a potion of flight
 f - a potion of cancellation {unknown}
 g - a potion of attraction
 h - a potion of berserk rage {unknown}
 j - 2 potions of heal wounds {unknown}
 k - 2 potions of curing {unknown}
 m - a potion of brilliance {unknown}


   Skills:
 + Level 2.7 Fighting
 - Level 1.7 Dodging
 - Level 1.7 Stealth
 + Level 3.3 Spellcasting
 * Level 4.3 Conjurations
 * Level 5.2 Fire Magic


You had 3 spell levels left.
You knew the following spells:

 Your Spells              Type           Power      Damage    Failure   Level
a - Foxfire               Conj/Fire      100%       2x1d9     1%          1
b - Scorch                Fire           60%        2d8       1%          2
c - Conjure Flame         Conj/Fire      28%        6-21      4%          3
d - Inner Flame           Hex/Fire       17%        N/A       10%         3

Your spell library contained the following spells:

 Spells                   Type           Power      Damage    Failure   Level
 Blink                    Tloc           8%         N/A       16%         2
 Confusing Touch          Hex            4%         N/A       30%         3
 Flame Wave               Conj/Fire      28%        2d8       14%         4
 Manifold Assault         Tloc           4%         N/A       95%         5
 Yara's Violent Unravell  Hex/Tmut       2%         3d3       95%         5
 Summon Cactus Giant      Summ           2%         N/A       100%        6
 Enfeeble                 Hex            2%         N/A       100%        7
 Storm Form               Tmut/Air       2%         N/A       100%        7


Dungeon Overview and Level Annotations

Branches:
Dungeon (4/15)             Temple (0/1) D:4

Annotations:
D:2 exclusion: upstairs


Innate Abilities, Weirdness & Mutations

You have an increased reservoir of magic. (+10% MP)
You shall have no god before yourself.
Your divine heritage dramatically boosts your attributes as you level up.
You have a pair of small antennae on your head.
Your movements are slightly less encumbered by armour. (ER -2)


Message History

You kill the orc!
The orc priest hits you with a +0 hand axe.
The orc priest hits you with a +0 club.
Casting: Foxfire (safe; 1% risk of failure)
Confirm with . or Enter, or press ? or * to list all spells.
You conjure some foxfire!
The orc priest casts a cantrip, but nothing happens.
The orc priest hits you with a +0 club.
The foxfire hits the orc priest!
The orc priest is heavily wounded.
The foxfire hits the orc priest but does no damage.
The orc priest is almost dead.
The orc priest hits you with a +0 club.
The orc priest hits you with a +0 hand axe.
Casting: Foxfire (safe; 1% risk of failure)
Confirm with . or Enter, or press ? or * to list all spells.
You conjure some foxfire!
The orc priest barely misses you.
The orc priest hits your foxfire with a +0 hand axe.
The orc priest looks satisfied for a moment.
The foxfire hits the orc priest!
You kill the orc priest!
The foxfire hits the orc priest but does no damage.
The orc priest is almost dead.
The orc priest mumbles some strange prayers to Beogh against you.
Beogh smites you!
* * * LOW HITPOINT WARNING * * *
Okay, then.
Casting: Foxfire (safe; 1% risk of failure)
Confirm with . or Enter, or press ? or * to list all spells.
You conjure some foxfire!
The orc priest hits you with a +0 club.
* * * LOW HITPOINT WARNING * * *
The foxfire hits the orc priest but does no damage.
The orc priest is almost dead.
The foxfire hits the orc priest but does no damage.
The orc priest is almost dead.
The orc priest looks encouraged for a moment.
Casting: Foxfire (safe; 1% risk of failure)
Confirm with . or Enter, or press ? or * to list all spells.
You conjure some foxfire!
The orc priest hits you with a +0 club.
You die...

#### ## ##..###. .+
....... ... #.. .....
.. #....... ###>#
#..##..#
..#.####+###..##ov#
................@)#
................v.#
..................#
..................#...
.♣...#............'....
♣)♣......##...######...
.♣.♣.....##...## ...
♣.♣.♣..........# ..
._.♣.♣.........# .


You could see an orc priest (ally target).

Vanquished Creatures
  Sigmund (D:2)
  An ogre (D:2)
  A phantom (D:3)
  A gnoll shaman (D:4)
  2 jellies (D:2)
  An orc priest (D:4)
  An iguana (D:4)
  3 orc wizards (D:4)
  Robin (D:1)
  4 gnolls (D:4)
  2 adders (D:3)
  A worm (D:3)
  3 dart slugs
  10 orcs
  3 ball pythons
  8 bats
  16 endoplasms
  3 giant cockroaches (D:3)
  20 goblins
  10 hobgoblins
  11 jackals
  2 quokkas (D:1)
  5 frilled lizards
  14 kobolds
  6 rats
130 creatures vanquished.

Vanquished Creatures (others)
  416 foxfires
  7 fungi (D:2)
  8 toadstools (D:2)
431 creatures vanquished.

Grand Total: 561 creatures vanquished

Notes
Turn   | Place    | Note
-------+----------+-------------------------------------------
     0 | D:1      | kae the Demigod Fire Elementalist began the quest for the
                  | Orb.
     0 | D:1      | Reached XP level 1. HP: 14/14 MP: 5/5
    64 | D:1      | Reached skill level 1 in Conjurations
   387 | D:1      | Reached XP level 2. HP: 22/22 MP: 4/7
   432 | D:1      | Reached skill level 3 in Fire Magic
   915 | D:2      | Noticed Robin
  1371 | D:1      | Learned a level 2 spell: Scorch
  1507 | D:2      | Reached XP level 3. HP: 27/27 MP: 5/8
  1512 | D:2      | Learned a level 3 spell: Conjure Flame
  1631 | D:2      | Reached skill level 1 in Fighting
  1670 | D:2      | Noticed an ogre
  1692 | D:2      | Killed an ogre
  1693 | D:2      | Reached XP level 4. HP: 35/35 MP: 0/10
  1831 | D:2      | Noticed Sigmund
  1845 | D:2      | Gained mutation: Your movements are slightly less
                  | encumbered by armour. (ER -2) [potion of mutation]
  1845 | D:2      | Gained mutation: You have a pair of small antennae on your
                  | head. [potion of mutation]
  2369 | D:1      | Killed Robin
  2539 | D:2      | Killed Sigmund
  2540 | D:2      | Reached skill level 4 in Fire Magic
  2540 | D:2      | Reached XP level 5. HP: 28/41 MP: 1/11
  3059 | D:2      | Reached XP level 6. HP: 48/48 MP: 10/13
  3940 | D:3      | Learned a level 3 spell: Inner Flame
  5029 | D:4      | Found a staircase to the Ecumenical Temple.
  5107 | D:4      | Reached skill level 5 in Fire Magic
  5107 | D:4      | Reached XP level 7. HP: 54/56 MP: 14/14
  5432 | D:4      | HP: 1/56 [orc priest/+0 club (4)]
  5434 | D:4      | Slain by an orc priest

Illustrated notes

Levels and vault maps discovered:
D:1:      elethiomel_arrival_shortcut, layout_loops_ring,
          roderic_serpentine_path
D:2:      cheibrodos_fertilizer, layout_basic, uniq_sigmund, uniq_robin
D:3:      layout_loops_cross, bloody_makhleb,
          mainiacjoe_overflow_small_starburst,
          hellmonk_ecumenical_altar_run_dry, st_stairs_4
D:4:      layout_gridville, okawaru_trees_2, gammafunk_temple_overflow_pools,
          kennysheep_little_box, minmay_temple_entry_gardened_gates

Skill      XL: |  1  2  3  4  5  6 |
---------------+-------------------+-----
Conjurations   | 1 2 3 4 |  4.3
Fire Magic     | 3 4 5 |  5.2
Spellcasting   | 2 3 |  3.3
Fighting       | 1 2 |  2.7
Dodging        | |  1.7
Stealth        | |  1.7

Action                   |  1- 3 |  4- 6 |  7- 9 || total
-------------------------+-------+-------+-------++-------
Melee: Long sword        |     2 |       |       ||     2
 Cast: Foxfire           |    68 |   142 |    37 ||   247
       Conjure Flame     |     1 |       |       ||     1
       Scorch            |       |    30 |       ||    30
  Use: Scroll            |     3 |     5 |       ||     8
       Potion            |       |     2 |       ||     2
Armor: Robe              |     4 |    10 |     2 ||    16
Dodge: Dodged            |     9 |    31 |     7 ||    47

Table legend: (Time is in decaauts)
 A = Elapsed time spent in this place.
 B = Non-inter-level travel time spent in this place.
 C = Inter-level travel time spent in this place.
 D = Time resting spent in this place.
 E = Time spent auto-exploring this place.
 F = Levels seen in this place.
 G = Mean time per level.
                   A        B        C        D        E       F      G
               +--------+--------+--------+--------+--------+-----+--------+
         Total |   5425 |   5220 |    205 |    385 |   3916 |   4 | 1356.2 |
       Dungeon |   5425 |   5220 |    205 |    385 |   3916 |   4 | 1356.2 |
               +--------+--------+--------+--------+--------+-----+--------+

Top non-repeatable levels by time:
     D:1: 2019 daAuts
     D:2: 1722 daAuts
     D:3: 1130 daAuts
     D:4: 553 daAuts
